 Dungeon Crawl Stone Soup version 0.32-a0-128-g77eb882913 (webtiles) character file.

Game seed: 15942831106482775432

301 Deza the Caller (level 6, -1/41 HPs)
             Began as an Octopode Summoner on Feb 7, 2024.
             Killed from afar by an orc wizard (10 damage)
             ... with a puff of flame
             ... on level 3 of the Dungeon.
             The game lasted 00:12:17 (2240 turns).

Deza the Caller (Octopode Summoner)                 Turns: 2240, Time: 00:12:20

Health: -1/41      AC:  1    Str:  8    XL:     6   Next: 37%
Magic:  9/9        EV: 19    Int: 17    God:
Gold:   200        SH:  0    Dex: 14    Spells: 3/9 levels left

rFire   . .          .
                       - Unarmed
rCold   . . .        (no shield)
rNeg    . . .        (helmet restricted)
rPois   .            (no amulet)
rElec   .            i - +5 ring of evasion
rCorr   .            (no ring)
SInv    .            (no ring)
Will    .....        (no ring)
Stlth   ++           (no ring)
HPRegen 0.26/turn    (no ring)
MPRegen 0.11/turn    (no ring)
                     (no ring)

%: no passive effects
@: confused
A: almost no armour, amphibious, 8 rings, camouflage 1, gelatinous body 1,
(nimble swimmer 1), tentacles
a: no special abilities


You were on level 3 of the Dungeon.
You visited 1 branch of the dungeon, and saw 3 of its levels.

You collected 200 gold pieces.

Inventory:

Missiles
 c - 6 poisoned darts
 q - 6 boomerangs
Jewellery
 i - a +5 ring of evasion (left tentacle)
Scrolls
 e - 6 scrolls of identify {unknown}
 h - 2 scrolls of teleportation {unknown}
 l - a scroll of immolation {unknown}
 m - a scroll of blinking {unknown}
 n - a scroll of noise {unknown}
Potions
 a - a potion of magic
 b - 7 potions of curing
 d - a potion of heal wounds {unknown}
 f - a potion of invisibility {unknown}
 g - 3 potions of brilliance {unknown}
 j - a potion of enlightenment {unknown}
 k - a potion of might {unknown}
 o - a potion of degeneration {unknown}
 p - a potion of lignification {unknown}


   Skills:
 + Level 2.4 Fighting
 + Level 3.3 Dodging
 - Level 2.6 Stealth
 * Level 3.7 Unarmed Combat
 - Level 2.0 Spellcasting
 + Level 4.9 Summonings


You had 3 spell levels left.
You knew the following spells:

 Your Spells              Type           Power      Damage    Failure   Level
a - Summon Small Mammal   Summ           72%        N/A       2%          1
b - Call Imp              Summ           36%        N/A       4%          2
c - Call Canine Familiar  Summ           18%        N/A       8%          3

Your spell library contained the following spells:

 Spells                   Type           Power      Damage    Failure   Level
 Summon Blazeheart Golem  Fire/Summ      10%        N/A       56%         4
 Summon Lightning Spire   Summ/Air       10%        N/A       56%         4
 Passage of Golubria      Tloc           1%         N/A       88%         4
 Silence                  Hex/Air        0%         N/A       99%         5
 Lehudib's Crystal Spear  Conj/Erth      0%         10d2      100%        8


Dungeon Overview and Level Annotations

Branches:
Dungeon (3/15)

Altars:
Fedhas
Kikubaaqudgha
Okawaru
Yredelemnul

Annotations:
D:3 2 transporters, Menkaure


Innate Abilities, Weirdness & Mutations

You cannot wear most types of armour.
You are amphibious.
You can wear up to eight rings at the same time.
Your skin changes colour to match your surroundings (Stealth+).
Your rubbery body absorbs attacks. (AC +1, EV +1)
((You are camouflaged when in or above water. (Stealth+)))
You have tentacles for arms and can constrict up to eight enemies at once.


Message History

Something closely misses your cerulean imp.
You closely miss something. Your squeeze misses something. Something hits you.
You miss something.
Your tentacle-slap misses something.
Your cerulean imp disappears in a puff of smoke!
Something hits you.
You tentacle-slap something.
Reactivating autopickup.
You feel a bit more experienced.
You tentacle-slap the orc but do no damage.
You grab the orc. You tentacle-slap the orc.
The orc is lightly wounded.
You constrict the orc.
You hear some strange, mumbled words.
A puff of flame appears from out of thin air!
Deactivating autopickup; reactivate with Ctrl-A.
The puff of flame hits you!
* * * LOW HITPOINT WARNING * * *
The orc hits you with a +0 dagger.
* * * LOW HITPOINT WARNING * * *
Unknown command.
It was a potion of curing.
You feel better.
You constrict the orc, but do no damage.
The orc hits you with a +0 dagger.
* * * LOW HITPOINT WARNING * * *
Unknown command.
You tentacle-slap the orc but do no damage.
The orc is moderately wounded.
You constrict the orc.
You hear some strange, mumbled words.
You are confused.
The orc hits you with a +0 dagger.
* * * LOW HITPOINT WARNING * * *
You barely miss the orc. You tentacle-slap the orc.
The orc is severely wounded.
You constrict the orc.
You kill the orc!
You hear some strange, mumbled words.
A puff of flame appears from out of thin air!
The puff of flame hits you!
You die...

#.# ###.#.##..# #.#
#.........# #.#
#.#.......# #.#
###.#...##### #.# .#
#.#.^...... #.# .#
#.#.....##.#
..#####.###.#...#..#.#..
............#...##.....#
.##............{@).._.$.
###.........<.†.##.....#
.....########...# #.#..
....## ###... # #####
##.... #####


There were no monsters in sight!

Vanquished Creatures
  Sigmund (D:3)
  Terence (D:3)
  2 orc wizards (D:3)
  A dart slug (D:3)
  An orc (D:3)
  3 bats
  An endoplasm (D:1)
  4 giant cockroaches
  3 goblins
  4 jackals (D:1)
  4 kobolds
  A quokka (D:1)
  3 ball pythons
  2 frilled lizards
  4 rats
35 creatures vanquished.

Vanquished Creatures (collateral kills)
  2 adders
  A dart slug (D:3)
  An orc (D:3)
  A ball python (D:1)
  2 bats
  An endoplasm (D:1)
  A giant cockroach (D:2)
  4 goblins
  A hobgoblin (D:2)
  A jackal (D:1)
  2 frilled lizards (D:1)
  2 kobolds (D:1)
19 creatures vanquished.

Grand Total: 54 creatures vanquished

Notes
Turn   | Place    | Note
-------+----------+-------------------------------------------
     0 | D:1      | Deza the Octopode Summoner began the quest for the Orb.
     0 | D:1      | Reached XP level 1. HP: 11/11 MP: 3/3
   127 | D:1      | Reached XP level 2. HP: 2/18 MP: 1/5
   128 | D:1      | Reached skill level 1 in Unarmed Combat
   311 | D:1      | Learned a level 2 spell: Call Imp
   467 | D:1      | Reached XP level 3. HP: 22/22 MP: 2/6
   488 | D:1      | Reached skill level 1 in Fighting
   993 | D:2      | Learned a level 3 spell: Call Canine Familiar
  1616 | D:2      | Reached XP level 4. HP: 28/28 MP: 5/7
  1773 | D:3      | Found a transporter.
  1792 | D:3      | Found a transporter.
  1801 | D:3      | Noticed a phantom
  1812 | D:3      | Found an ancient bone altar of Kikubaaqudgha.
  1816 | D:3      | Noticed Menkaure
  1822 | D:3      | Found a basalt altar of Yredelemnul.
  1848 | D:3      | Noticed Terence
  1851 | D:3      | Found a blossoming altar of Fedhas.
  1870 | D:3      | Killed Terence
  2089 | D:3      | Noticed Sigmund
  2126 | D:3      | Killed Sigmund
  2127 | D:3      | Reached XP level 5. HP: 23/34 MP: 2/8
  2127 | D:3      | Reached XP level 6. HP: 27/39 MP: 2/9
  2200 | D:3      | Found an iron altar of Okawaru.
  2240 | D:3      | Killed from afar by an orc wizard

Illustrated notes

Levels and vault maps discovered:
D:1:      matt_arrival_spirals, layout_basic
D:2:      layout_loops_corners, grunt_ministairs_9
D:3:      layout_loops_ring, fedhas_altar_1,
          mainiacjoe_overflow_small_starburst, gammafunk_temple_of_torment,
          uniq_terence, uniq_sigmund

Skill      XL: |  1  2  3  4 |
---------------+-------------+-----
Unarmed Combat | 1 2 3 |  3.7
Fighting       | 1 2 |  2.4
Dodging        | 3 |  3.3
Stealth        | |  2.6
Spellcasting   | |  2.0
Summonings     | |  4.9

Action                     |  1- 3 |  4- 6 || total
---------------------------+-------+-------++-------
  Melee: Unarmed           |    67 |    40 ||   107
         Constrict         |    20 |     7 ||    27
         Tentacles         |    17 |     6 ||    23
         Punch             |       |     4 ||     4
   Cast: Summon Small Mamm |     9 |       ||     9
         Call Imp          |     8 |     9 ||    17
         Call Canine Famil |       |     1 ||     1
    Use: Potion            |       |     1 ||     1
   Stab: Sleeping          |     4 |     2 ||     6
         Distracted        |     1 |       ||     1
 Armour: Skin              |    44 |    21 ||    65
  Dodge: Dodged            |    64 |    19 ||    83

Table legend: (Time is in decaauts)
 A = Elapsed time spent in this place.
 B = Non-inter-level travel time spent in this place.
 C = Inter-level travel time spent in this place.
 D = Time resting spent in this place.
 E = Time spent auto-exploring this place.
 F = Levels seen in this place.
 G = Mean time per level.
                   A        B        C        D        E       F      G
               +--------+--------+--------+--------+--------+-----+--------+
         Total |   2236 |   2165 |     71 |     22 |    557 |   3 |  745.3 |
       Dungeon |   2236 |   2165 |     71 |     22 |    557 |   3 |  745.3 |
               +--------+--------+--------+--------+--------+-----+--------+

Top non-repeatable levels by time:
     D:1: 873 daAuts
     D:2: 809 daAuts
     D:3: 553 daAuts
